 Dungeon Crawl Stone Soup version 0.31-a0-214-gb37851dbb3 (webtiles) character file.

Game seed: 11531682201353390290

195375 Gargoyl the Warrior (level 18, -2/183 HPs)
             Began as a Gargoyle Berserker on July 1, 2023.
             Was a High Priest of Trog.
             Slain by a vault guard
             ... wielding a +0 battleaxe
              (8 damage)
             ... on level 4 of the Vaults.
             The game lasted 00:55:34 (29900 turns).

Gargoyl the Warrior (Gargoyle Berserker)           Turns: 29900, Time: 00:55:35

Health: -2/183     AC: 39    Str: 26    XL:     18   Next: 78%
Magic:  18/18      EV: 13    Int: 17    God:    Trog [*****.]
Gold:   1648       SH: 14    Dex: 17    Spells: 17/17 levels left

rFire   + + +        a - +2 hand axe (freeze)
rCold   . . .        o - +1 buckler
rNeg    + . .        v - +0 chain mail of Dater {rF+ Str+3 Int+5 Dex+2}
rPois   ∞            R - +1 helmet {Int+3}
rElec   +            j - +2 cloak
rCorr   .            p - +0 pair of gloves of Jeuzonekh {Str+3}
SInv    +            h - +2 pair of boots
Will    +++..        r - amulet of reflection Stlth
                     b - ring of see invisible
HPRegen 1.50/turn    x - ring of protection from fire
MPRegen 0.16/turn

%: reflection
@: berserking, strong-willed, flying, regenerating, very quick
A: sickness immunity, AC +13, big wings, negative energy resistance 1,
electricity resistance, torment resistance 1, petrification resistance, fire
resistance 2, weak 1
a: Renounce Religion, Berserk, Trog's Hand, Brothers in Arms


You were on level 4 of the Vaults.
You worshipped Trog.
Trog was extremely pleased with you.
You visited 3 branches of the dungeon, and saw 25 of its levels.
You visited the Abyss 1 time.
You also visited: Gauntlet.

You collected 2220 gold pieces.
You spent 572 gold pieces at shops.

Inventory:

Hand Weapons
 a - a +2 hand axe of freezing (weapon)
 y - a +1 scimitar of flaming
 Q - the +8 eveningstar of Roeleo {spect, rF+ rN+}
   (You found it on level 2 of the Vaults)

   rF:        It protects you from fire.
   rN:        It protects you from negative energy.
 W - the +8 spear of Fate {freeze, Stlth+}
   (You found it on level 3 of the Vaults)

   Stlth:     It makes you more stealthy.
Missiles
 g - a curare-tipped dart
 n - 20 poisoned darts (quivered)
 z - 2 throwing nets
Armour
 h - a +2 pair of boots (worn)
 j - a +2 cloak (worn)
 o - a +1 buckler (worn)
 p - the +0 pair of gloves of Jeuzonekh (worn) {Str+3}
   (You found it on level 6 of the Dungeon)

   Str:       It affects your strength (+3).
 v - the +0 chain mail of Dater (worn) {rF+ Str+3 Int+5 Dex+2}
   (You found it on level 4 of the Dungeon)

   Str:       It affects your strength (+3).
   Int:       It affects your intelligence (+5).
   Dex:       It affects your dexterity (+2).
   rF:        It protects you from fire.
 R - a +1 helmet of intelligence (worn)
Jewellery
 b - a ring of see invisible (left hand)
 d - a +6 ring of intelligence
 l - an amulet of regeneration
 r - an amulet of reflection (around neck)
 x - a ring of protection from fire (right hand)
 A - a ring of protection from fire
 F - a +4 ring of protection
 H - the amulet of Xeloruly {RegenMP Str+4}
   (You found it in a Gauntlet)

   [amulet of magic regeneration]

   It increases your rate of magic regeneration.
   Str:       It affects your strength (+4).
 J - the ring "Jititat" {rCorr Str+4 Int+3 Dex+4}
   (You found it in a Gauntlet)

   [ring of resist corrosion]

   Str:       It affects your strength (+4).
   Int:       It affects your intelligence (+3).
   Dex:       It affects your dexterity (+4).
   rCorr:     It protects you from acid and corrosion.
 K - a +4 ring of protection
 N - an amulet of guardian spirit
Wands
 q - a wand of paralysis (18)
 u - a wand of digging (6)
 w - a wand of polymorph (16)
 B - a wand of flame (73)
 L - a wand of mindburst (8)
 P - a wand of iceblast (6)
 V - a wand of light (4)
Scrolls
 f - 3 scrolls of fog
 k - 3 scrolls of revelation
 m - a scroll of blinking
 C - 3 scrolls of poison
 D - 2 scrolls of teleportation
 E - 8 scrolls of identify
 I - a scroll of butterflies
 M - 2 scrolls of fear
Potions
 c - 3 potions of enlightenment
 e - a potion of cancellation
 i - 3 potions of lignification
 s - a potion of resistance
 t - 11 potions of ambrosia
 G - a potion of heal wounds
 O - a potion of invisibility
 S - a potion of might
 T - 5 potions of curing
 U - a potion of haste


   Skills:
 + Level 16.8 Fighting
 + Level 2.6 Long Blades
 + Level 15.9(16.9) Axes
 + Level 10.9(15.3) Maces & Flails
 + Level 3.7 Throwing
 + Level 15.4 Armour
 + Level 8.3 Dodging
 + Level 5.4 Stealth
 + Level 15.2 Shields
 + Level 0.1 Evocations


You had 17 spell levels left.
You didn't know any spells.
Your spell library was empty.

Dungeon Overview and Level Annotations

Branches:
Dungeon (15/15)            Temple (0/1) D:7            Lair (5/5) D:11
  Swamp (0/4) Lair:2       Spider (0/4) Lair:3        Slime (0/5) Lair:4
    Orc (0/2) D:11         Vaults (5/5) D:13          Crypt (0/3) Vaults:2
 Depths (0/4) D:15        Gauntlet (visited)

Altars:
Ashenzari
Dithmenos
Elyvilon
Fedhas
Gozag
Hepliaklqana
Kikubaaqudgha
Makhleb
Ru
Sif Muna
Yredelemnul
Zin
The Shining One
Jiyva

Shops:
D:3 =   D:4 (![!   D:7 !   D:10 !   Vaults:2 [   Vaults:4 [

Portals:
Trove: D:10 (give 2 scrolls of acquirement)


Innate Abilities, Weirdness & Mutations

You are immune to sickness and miasma.
Your stone body is resilient. (AC +13)
You are immune to poison.
Your large and strong wings let you fly.
You resist negative energy. (rN+)
You are resistant to electric shocks. (rElec)
You are resistant to unholy torment.
You are immune to petrification.
Your flesh is very heat resistant. (rF++)
You are weak. (Str -2)


Message History

You hit the vault guard but do no damage.
The vault guard hits you with a +0 battleaxe!
* * * LOW HITPOINT WARNING * * *
You block the vault guard's attack.
The vault guard hits you with a +0 great sword.
* * * LOW HITPOINT WARNING * * *
The vault guard hits you with a +0 battleaxe.
* * * LOW HITPOINT WARNING * * *
The vault guard hits you but does no damage.
You slash the vault guard! You freeze the vault guard.
You kill the vault guard!
Trog accepts your kill.
You hit the vault guard but do no damage.
You slash the vault guard! You freeze the vault guard.
You kill the vault guard!
Trog accepts your kill.
You hit the vault guard but do no damage.
You barely miss the vault guard. You closely miss the vault guard.
The vault guard is heavily wounded.
You hit the vault guard. You freeze the vault guard.
You closely miss the vault guard.
Unknown command.
You closely miss the vault guard.
The vault guard is heavily wounded.
You hit the vault guard. You freeze the vault guard. You slash the vault guard!
You freeze the vault guard. You block the vault guard's attack. x2
The vault guard hits you with a +1 great sword!
* * * LOW HITPOINT WARNING * * *
Unknown command.
You slice the vault guard!! You freeze the vault guard!
The vault guard is almost dead.
You hit the vault guard but do no damage. x2
Unknown command.
You closely miss the vault guard.
The vault guard is almost dead.
You hit the vault guard but do no damage.
You closely miss the vault guard.
The vault guard hits you with a +0 battleaxe!
You die...

#...........##.......
#...........##.......
#...........##.......
#...........##.......
#...........##.......
#...........##.......
#############+#'''###############
.........##....[))#
.........##.<..p@p#
.........##....))p#
.........###..<..## .........#
##...## .........# ##.##
######''######'##################
.................................
.................^...............
.)..............######'####......


You could see 3 vault guards.

Vanquished Creatures
  A dread lich (Vaults:3)
  A storm dragon (Vaults:2)
  A sphinx (Vaults:3)
  8 vault wardens
  13 ironbound preservers
  An orc warlord (Vaults:1)
  7 ironbound thunderhulks
  2 formless jellyfish (Vaults:4)
  A deep elf demonologist (Vaults:3)
  A dire elephant (D:15)
  A minotaur (Gauntlet)
  An ettin (Vaults:2)
  An entropy weaver (Vaults:1)
  11 yaktaur captains
  4 vault guards (Vaults:4)
  7 great orbs of eyes
  Erolcha (D:9)
  4 catoblepae
  A peacekeeper (Vaults:2)
  13 ironbound frosthearts
  Erica (D:8)
  5 hydras
  An ogre mage (Vaults:4)
  7 boulder beetles
  8 centaur warriors
  A tengu warrior (D:14)
  9 two-headed ogres
  An alligator (Lair:5)
  A deep elf knight (D:13)
  3 skysharks (Lair:5)
  A fire crab (shapeshifter) (D:13)
  2 goliath frogs (Lair:5)
  41 deep trolls
  7 skeletal warriors
  A flayed ghost (D:8)
  A swamp dragon (Lair:3)
  12 ironbound convokers
  2 bog bodies (Lair:2)
  6 wizards
  An obsidian statue (Gauntlet)
  A wolf spider (D:15)
  13 lindwurms
  4 necromancers
  A cyclops (D:9)
  A salamander (D:15)
  2 deep elf pyromancers
  2 manticores
  The ghost of paps the Sneak, a novice OpSu of Gozag (D:6)
  20 elephants
  13 ugly things
  A guardian serpent (Lair:2)
  13 vault sentinels
  A gargoyle (D:13)
  A torpor snail (Gauntlet)
  3 black mambas
  An orange demon (D:15)
  A rime drake (Lair:3)
  2 kobold demonologists
  19 cane toads
  A rime drake (shapeshifter) (D:15)
  7 unseen horrors
  7 komodo dragons
  An efreet (D:13)
  An ice devil (Gauntlet)
  30 yaktaurs
  A red devil (D:15)
  6 trolls
  3 hellwings (D:15)
  A queen bee (Lair:1)
  Prince Ribbit (D:8)
  A tyrant leech (Lair:5)
  5 polar bears
  33 blink frogs
  7 dream sheep (Lair:3)
  A jumping spider (Lair:3)
  33 slime creatures
  2 centaur simulacra (Gauntlet)
  4 shadows
  4 wraiths
  A golden eye (shapeshifter) (D:14)
  4 basilisks
  5 wyverns
  51 yaks
  2 fire bats (D:8)
  A steam dragon (D:8)
  A neqoxec (D:15)
  A chaos spawn (D:15)
  2 redbacks
  19 humans (D:13)
  15 vampire mosquitoes
  Menkaure (D:6)
  A harpy simulacrum (Gauntlet)
  An acid dragon (D:10)
  14 water moccasins
  5 orc warriors
  4 ice beasts
  3 black bears
  2 ogres
  2 sky beasts (D:7)
  17 wolves
  7 centaurs
  2 phantoms
  A kobold brigand (D:8)
  21 bullfrogs
  2 gnoll sergeants (D:8)
  4 scorpions
  5 wights (D:7)
  3 troll zombies (D:11)
  32 killer bees
  10 electric eels
  A howler monkey (D:7)
  2 hounds
  7 orc priests
  Crazy Yiuf (D:2)
  6 jellies
  2 gnoll boudas (D:7)
  A sleepcap (D:5)
  An iguana (D:4)
  7 orc wizards
  3 ogre zombies (D:11)
  18 gnolls
  7 adders
  6 white imps
  An ufetubus (D:5)
  2 worms (D:2)
  5 dart slugs
  24 orcs
  5 ball pythons
  13 endoplasms
  2 giant cockroaches
  7 goblins
  5 hobgoblins
  2 jackals (D:3)
  3 quokkas
  12 bats
  4 frilled lizards
  2 goblin zombies (D:11)
  2 hobgoblin zombies (D:11)
  23 kobolds
  2 orc skeletons (D:11)
  13 orc zombies (D:11)
  2 rats
870 creatures vanquished.

Vanquished Creatures (collateral kills)
  An ironbound preserver (Vaults:3)
  A stone giant (Vaults:3)
  A skeletal warrior (D:14)
  A deep elf pyromancer (D:14)
  An oklob plant (Lair:1)
  An elephant (Lair:5)
  A basilisk (shapeshifter) (D:14)
7 creatures vanquished.

Vanquished Creatures (others)
  An ironbound thunderhulk (Vaults:1)
  A wizard (Vaults:2)
  A human (D:9)
  A bat (D:8)
  14 spectral weapons
18 creatures vanquished.

Grand Total: 895 creatures vanquished

Notes
Turn   | Place    | Note
-------+----------+-------------------------------------------
     0 | D:1      | Gargoyl the Gargoyle Berserker began the quest for the Orb.
     0 | D:1      | Reached XP level 1. HP: 14/14 MP: 1/1
   197 | D:1      | Reached XP level 2. HP: 13/19 MP: 2/2
   516 | D:1      | Reached XP level 3. HP: 23/23 MP: 3/3
  1022 | D:2      | Reached ** piety under Trog
  1176 | D:2      | Reached XP level 4. HP: 21/29 MP: 4/4
  1384 | D:2      | Found an opulent altar of Gozag.
  1617 | D:2      | Found a runed translucent door.
  1618 | D:2      | Noticed Crazy Yiuf
  1856 | D:2      | Killed Crazy Yiuf
  1951 | D:3      | Found Zoesivoe's Jewellery Boutique.
  1993 | D:3      | Reached skill level 4 in Fighting
  2001 | D:3      | Reached XP level 5. HP: 30/33 MP: 5/5
  2326 | D:3      | Reached skill level 1 in Stealth
  2735 | D:4      | Found Immitem's Antique Armour Emporium.
  2771 | D:4      | Noticed an ogre
  2781 | D:4      | Killed an ogre
  2782 | D:4      | Reached XP level 6. HP: 32/38 MP: 6/6
  2849 | D:4      | Reached skill level 5 in Axes
  3031 | D:4      | Found Gaemeuf's Distillery.
  3037 | D:4      | Bought a potion of mutation for 88 gold pieces
  3037 | D:4      | Gained mutation: Your large and strong wings let you fly.
                  | [potion of mutation]
  3050 | D:4      | Found Wuol's Antique Weapon Emporium.
  3069 | D:4      | Found Aziced's Distillery.
  3217 | D:4      | Identified the +0 chain mail of Dater {rF+ Str+3 Int+5
                  | Dex+2}
  3498 | D:5      | Entered Level 5 of the Dungeon
  3556 | D:5      | Reached XP level 7. HP: 44/44 MP: 7/7
  3797 | D:5      | Reached XP level 8. HP: 48/48 MP: 8/8
  4391 | D:6      | Reached skill level 5 in Fighting
  4467 | D:6      | Found a sacrificial altar of Ru.
  4479 | D:6      | Reached *** piety under Trog
  4532 | D:6      | Noticed Menkaure
  4544 | D:6      | Killed Menkaure
  4856 | D:6      | Reached skill level 5 in Armour
  4902 | D:6      | Found a glowing golden altar of the Shining One.
  4907 | D:6      | Found a shimmering blue altar of Sif Muna.
  4913 | D:6      | Found a white marble altar of Elyvilon.
  4914 | D:6      | Found a burning altar of Makhleb.
  4914 | D:6      | Found a shadowy altar of Dithmenos.
  4914 | D:6      | Found a glowing silver altar of Zin.
  5021 | D:6      | Found a runed translucent gate.
  5021 | D:6      | Noticed paps's ghost (novice OpSu)
  5022 | D:6      | Found a runed translucent gate.
  5023 | D:6      | Found a runed translucent gate.
  5205 | D:6      | Reached XP level 9. HP: 54/54 MP: 9/9
  5210 | D:6      | Killed paps's ghost
  5252 | D:6      | Identified the +0 pair of gloves of Jeuzonekh {Str+3}
  5440 | D:7      | Found a staircase to the Ecumenical Temple.
  5616 | D:7      | Found Holes's Distillery.
  5619 | D:7      | Reached skill level 6 in Fighting
  5619 | D:7      | Reached skill level 1 in Shields
  5631 | D:7      | Bought a potion of heal wounds for 70 gold pieces
  5631 | D:7      | Bought a potion of ambrosia for 112 gold pieces
  6163 | D:8      | Reached XP level 10. HP: 54/60 MP: 10/10
  6271 | D:8      | Noticed Prince Ribbit
  6300 | D:8      | Killed Prince Ribbit
  6639 | D:8      | Found a runed translucent door.
  6679 | D:8      | Found a glowing silver altar of Zin.
  6685 | D:8      | Reached skill level 10 in Axes
  6698 | D:8      | Noticed a flayed ghost
  6700 | D:8      | Found a broken altar of Ashenzari.
  6744 | D:8      | Reached skill level 7 in Fighting
  6751 | D:8      | Found a blossoming altar of Fedhas.
  6760 | D:8      | Found a hazy altar of Hepliaklqana.
  6857 | D:8      | Found a hazy altar of Hepliaklqana.
  6857 | D:8      | Noticed Erica
  6863 | D:8      | Killed Erica
  6912 | D:8      | Killed a flayed ghost
  6947 | D:8      | Found an ancient bone altar of Kikubaaqudgha.
  7046 | D:8      | You are sucked into a shaft and drop 3 floors!
  7051 | D:10     | Entered Level 10 of the Dungeon
  7076 | D:10     | Reached XP level 11. HP: 49/68 MP: 11/11
  7082 | D:10     | Reached skill level 8 in Fighting
  7229 | D:10     | Found Sufiul's Distillery.
  7230 | D:10     | Noticed a two-headed ogre
  7243 | D:10     | Killed a two-headed ogre
  7256 | D:10     | Bought a potion of heal wounds for 70 gold pieces
  7269 | D:10     | Found a portal to a secret trove of treasure.
  7335 | D:10     | Noticed a two-headed ogre
  7345 | D:10     | Killed a two-headed ogre
  7347 | D:10     | Noticed a two-headed ogre
  7359 | D:10     | Killed a two-headed ogre
  7360 | D:10     | Reached skill level 1 in Throwing
  7570 | D:9      | Noticed Erolcha
  7572 | D:9      | Reached skill level 5 in Dodging
  7605 | D:9      | Killed Erolcha
  7692 | D:9      | Noticed a cyclops
  7708 | D:9      | Killed a cyclops
  7738 | D:9      | Reached skill level 9 in Fighting
  7802 | D:9      | Found an ancient bone altar of Kikubaaqudgha.
  8331 | D:10     | Noticed a two-headed ogre
  8361 | D:10     | Killed a two-headed ogre
  8362 | D:10     | Reached XP level 12. HP: 46/76 MP: 12/12
  8514 | D:11     | Noticed a boulder beetle
  8562 | D:11     | Reached skill level 5 in Shields
  8593 | D:11     | Noticed a two-headed ogre
  8606 | D:11     | Killed a two-headed ogre
  8704 | D:11     | Reached **** piety under Trog
  8731 | D:11     | Found a staircase to the Orcish Mines.
  8852 | D:11     | Killed a boulder beetle
  8938 | D:11     | Noticed a boulder beetle
  8974 | D:11     | Killed a boulder beetle
  9085 | D:11     | Reached skill level 10 in Armour
  9120 | D:11     | Found a staircase to the Lair.
  9245 | D:11     | Reached skill level 10 in Fighting
  9488 | Lair:1   | Entered Level 1 of the Lair of Beasts
 10112 | Lair:1   | Reached XP level 13. HP: 82/82 MP: 13/13
 10692 | Lair:2   | Found a staircase to the Swamp.
 11392 | Lair:2   | Found the +3 pair of seven-league boots {Rampage+∞}
 11595 | Lair:3   | Reached skill level 11 in Fighting
 12100 | Lair:3   | Found a hole to the Spider Nest.
 12123 | Lair:3   | Mutation became permanent: Your large and strong wings let
                  | you fly. [Gargoyle growth]
 12123 | Lair:3   | Gained mutation: Your large and strong wings let you fly.
                  | [Gargoyle growth]
 12123 | Lair:3   | Reached XP level 14. HP: 73/91 MP: 14/14
 12413 | Lair:4   | Found a staircase to the Slime Pits.
 12413 | Lair:4   | Found a viscous altar of Jiyva.
 12439 | Lair:4   | Gained mutation: You have supernaturally acute eyesight.
                  | (SInv) [potion of mutation]
 12439 | Lair:4   | Gained mutation: You have hidden genetic defects. [potion
                  | of mutation]
 12440 | Lair:4   | Lost mutation: You have supernaturally acute eyesight.
                  | (SInv) [potion of mutation]
 12440 | Lair:4   | Lost mutation: You have hidden genetic defects. [potion of
                  | mutation]
 12440 | Lair:4   | Gained mutation: You have supernaturally acute eyesight.
                  | (SInv) [potion of mutation]
 12440 | Lair:4   | Gained mutation: You are frail. (-10% HP) [potion of
                  | mutation]
 12490 | Lair:4   | Reached skill level 1 in Long Blades
 12707 | Lair:4   | Reached skill level 12 in Fighting
 13829 | Lair:5   | Entered Level 5 of the Lair of Beasts
 14169 | Lair:5   | Reached skill level 13 in Fighting
 14491 | Lair:5   | Reached XP level 15. HP: 66/89 MP: 15/15
 14703 | Lair:5   | Reached skill level 10 in Shields
 15067 | D:12     | Found a gate leading to a gauntlet.
 15146 | Gauntlet | Entered a Gauntlet
 15146 | Gauntlet | Found a transporter.
 15159 | Gauntlet | Found a transporter.
 15163 | Gauntlet | Found a transporter.
 15167 | Gauntlet | Found a runed translucent door.
 15167 | Gauntlet | Found a runed translucent door.
 15171 | Gauntlet | Found a transporter.
 15175 | Gauntlet | Found a transporter.
 15183 | Gauntlet | Found a transporter.
 15187 | Gauntlet | Found a transporter.
 15195 | Gauntlet | Found a transporter.
 15199 | Gauntlet | Found a transporter.
 15207 | Gauntlet | Found a transporter.
 15229 | Gauntlet | Found a transporter.
 15241 | Gauntlet | Found a transporter.
 15253 | Gauntlet | Found a transporter.
 15265 | Gauntlet | Found a transporter.
 15354 | Gauntlet | Identified the amulet of Xeloruly {RegenMP Str+4}
 15480 | Gauntlet | Identified the ring "Jititat" {rCorr Str+4 Int+3 Dex+4}
 15781 | D:12     | Reached skill level 15 in Axes
 16750 | D:13     | Reached skill level 14 in Fighting
 16781 | D:13     | Found a gate to the Vaults.
 16812 | D:13     | Identified the +5 chain mail "Lelipoed" {Int+6}
 17649 | D:14     | Found a broken altar of Ashenzari.
 18326 | D:15     | Entered Level 15 of the Dungeon
 18549 | D:15     | Found a staircase to the Depths.
 18897 | D:15     | Reached XP level 16. HP: 91/96 MP: 16/16
 19629 | Vaults:1 | Entered Level 1 of the Vaults
 20050 | Vaults:1 | Reached skill level 15 in Fighting
 21208 | Vaults:1 | Paralysed by a great orb of eyes for 2 turns
 22524 | Vaults:2 | Noticed a storm dragon
 22552 | Vaults:2 | Found a staircase to the Crypt.
 22552 | Vaults:2 | Found an ancient bone altar of Kikubaaqudgha.
 22552 | Vaults:2 | Found a basalt altar of Yredelemnul.
 23275 | Vaults:2 | Reached XP level 17. HP: 101/101 MP: 17/17
 23276 | Vaults:2 | Identified the +8 eveningstar of Roeleo {spect, rF+ rN+}
 23453 | Vaults:2 | Reached skill level 1 in Maces & Flails
 24807 | Vaults:2 | Found Tuebuumi's Antique Armour Boutique.
 24815 | Vaults:2 | Bought a glowing helmet for 232 gold pieces
 24941 | Vaults:2 | Reached skill level 5 in Maces & Flails
 24981 | Vaults:2 | Reached skill level 16 in Fighting
 25012 | Abyss:2  | Cast into level 2 of the Abyss (a wizard)
 25018 | Vaults:2 | Escaped the Abyss
 25406 | Vaults:3 | Noticed a sphinx
 25416 | Vaults:3 | Killed a sphinx
 25498 | Vaults:3 | Lost mutation: You are frail. (-10% HP) [potion of
                  | mutation]
 25498 | Vaults:3 | Lost mutation: You have supernaturally acute eyesight.
                  | (SInv) [potion of mutation]
 25498 | Vaults:3 | Gained mutation: Your flesh is heat resistant. (rF+)
                  | [potion of mutation]
 25498 | Vaults:3 | Gained mutation: You are weak. (Str -2) [potion of
                  | mutation]
 25498 | Vaults:3 | Gained mutation: Your flesh is very heat resistant. (rF++)
                  | [potion of mutation]
 25774 | Vaults:3 | Noticed a dread lich
 25787 | Vaults:3 | Killed a dread lich
 25906 | Vaults:3 | Identified the +8 spear of Fate {freeze, Stlth+}
 25940 | Vaults:3 | Reached skill level 15 in Armour
 26582 | Vaults:3 | Found the +2 pair of slick slippers {slick, slippery, EV+4}
 26603 | Vaults:3 | Reached XP level 18. HP: 101/120 MP: 18/18
 26619 | Vaults:3 | Reached skill level 5 in Stealth
 27328 | Vaults:3 | Paralysed by a great orb of eyes for 3 turns
 28345 | Vaults:4 | Found Vafos's Armour Shoppe.
 28590 | Vaults:4 | Reached ***** piety under Trog
 28591 | Vaults:4 | Reached skill level 10 in Maces & Flails
 28831 | Vaults:4 | Reached skill level 15 in Shields
 29303 | Vaults:4 | Received a gift from Trog
 29864 | Vaults:5 | Entered Level 5 of the Vaults
 29880 | Vaults:5 | Noticed a tentacled monstrosity
 29898 | Vaults:4 | HP: 5/183 [vault guard/+1 great sword (11)]
 29900 | Vaults:4 | Slain by a vault guard

Illustrated notes

Levels and vault maps discovered:
D:1:      minmay_arrival_open_corners, layout_basic, minivault_26,
          minmay_cut_off
D:2:      layout_basic, basic_altar, minmay_randomly_rotated_circles,
          uniq_crazy_yiuf_cottage
D:3:      layout_loops_ring, serial_shops, shop, ebering_dispersal_statue_hall,
          serial_bayou_ford_a
D:4:      layout_loops_ring, serial_shops, shop, shop, shop,
          nicolae_shop_advertising_works [nicolae_subvault_shop_adworks]
D:5:      layout_basic
D:6:      layout_basic, nicolae_ru_great_annihilating_truth, minitemple,
          biasface_ghost_orc_armoury, uniq_menkaure
D:7:      layout_basic, minmay_temple_entry_junction, serial_shops, shop,
          minmay_splitting_lines
D:8:      due_megacathedral, layout_gridville, uniq_erica, uniq_prince_ribbit1
D:9:      layout_rooms, tgw_kikubaaqudgha, st_stairs_3, uniq_erolcha
D:10:     layout_loops_cross, serial_shops, nicolae_shop_industrial_runoff,
          nicolae_trove_entry_diagonal, st_stairs_3, serial_bayou_lagoon_b
D:11:     layout_roguey, lair_entry_dummy, zombieorc1_lemuel, minmay_hedge_maze
D:12:     layout_basic, gauntlet_entry_generic
D:13:     layout_basic, grunt_vaults_entry_tiered
D:14:     layout_long_grid, cheibrodos_ashenzari_chains
D:15:     hangedman_depths_entry_try_elsewhere_first, layout_gridville,
          serial_demonic, serial_demonic_f, serial_demonic_g, serial_demonic_e,
          serial_demonic_b, glass_columns_b, due_unseen_surprise
Lair:1:   layout_roguey [special_room_bee], nzn_sisyphean_effort
Lair:2:   layout_chaotic_city, skrybe_swamp_entry_bodies,
          hellmonk_guarded_unrand_seven_league_boots
Lair:3:   layout_misc_corridors, spider_nest_entry_funnel_web, pond
Lair:4:   layout_gridlike, slime_entry_1, minivault_25, minivault_27,
          beast_lair_carwin_7, wad_woods_river_01
Lair:5:   minmay_lair_end_frog_pond, layout_regular_city, minivault_27
Vaults:1: lightli_enter_wizlab_magi_temple, vaults_room_stairs_pillars,
          nicolae_vaults_little_squares_1, hangedman_vaults_corner,
          nicolae_vaults_ninety_degrees, vaults_standard_mumra_x,
          nicolae_vaults_network_quinsquares
          [nicolae_vaults_network_quincunx_subvault,
          nicolae_vaults_network_quincunx_subvault,
          nicolae_vaults_network_quincunx_subvault,
          nicolae_vaults_network_quincunx_subvault],
          ontoclasm_vaults_loading_screen, nicolae_vaults_apartment_1,
          nicolae_vaults_what_the_h, nicolae_vaults_trapezoid_1,
          layout_vaults_maze_snakey
Vaults:2: nicolae_vaults_trapezoid_2, nicolae_vaults_inception_statues,
          nicolae_vaults_little_ls, vaults_dpeg_emergency_exit,
          minmay_crypt_entry_necro_gods, vaults_standard_mumra_lines,
          vaults_room_stairs_pillars, v_misc_14, vaults_room_semicircle,
          v_alt_pattern_5, v_misc_5, nicolae_vaults_house_3,
          nicolae_vaults_trapezoid_1, ontoclasm_vaults_gateway,
          nicolae_vaults_diamond_2, layout_vaults_omnibox, serial_shops, shop
Vaults:3: v_misc_16, v_misc_24, vaults_dpeg_cross, hangedman_vaults_slither,
          nicolae_vaults_double_plus_2, nicolae_vaults_closet_pinwheel_6,
          serial_ice_m, nicolae_vaults_closet_pinwheel_5, v_misc_19,
          nicolae_vaults_trapezoid_lopsided_4, vaults_room_corners,
          nicolae_vaults_trapezoid_2, vaults_mumra_hexcomb,
          nicolae_vaults_enemy_cabinets, vaults_room_large_hall,
          layout_vaults_big_cross
Vaults:4: nicolae_vaults_circle_grid_b, vaults_mumra_lcd, hangedman_vaults_trim,
          nicolae_vaults_theta, nicolae_vaults_little_squares_5, v_rooms_1,
          nicolae_vaults_house_2, hangedman_vaults_snaps, v_misc_5,
          nicolae_vaults_wine_cellar, layout_vaults_big_room, serial_shops,
          nicolae_shop_rolling_square
Vaults:5: serial_shops

Skill      XL: |  1  2  3  4  5  6  7  8  9 10 11 12 13 14 15 16 17 18 |
---------------+-------------------------------------------------------+-----
Axes           | 3 4 5 6 8 9 10 12 13 14 15 | 15.9
Dodging        | 2 3 4 5 6 7 8 |  8.3
Fighting       | 4 5 6 7 9 10 11 13 14 15 16 | 16.8
Stealth        | 1 2 3 4 5 |  5.4
Armour         | 3 4 5 6 7 9 10 11 12 13 14 15 | 15.4
Shields        | 2 3 4 6 7 9 11 13 14 15 | 15.2
Throwing       | 1 2 3 |  3.7
Long Blades    | 2 |  2.6
Maces & Flails | 8 10 | 10.9
Evocations     | |  0.1

Action                     |  1- 3 |  4- 6 |  7- 9 | 10-12 | 13-15 | 16-18 || total
---------------------------+-------+-------+-------+-------+-------+-------++-------
  Melee: Hand axe          |   104 |   193 |   391 |   979 |  1625 |   516 ||  3808
         Punch             |     1 |     1 |     2 |       |       |       ||     4
         Scimitar          |       |       |       |       |    41 |       ||    41
         Eveningstar       |       |       |       |       |       |   484 ||   484
  Throw: Dart              |       |     2 |       |    17 |    26 |     8 ||    53
 Invoke: Berserk           |     1 |     2 |     7 |    20 |    33 |    24 ||    87
         Trog's Hand       |       |     3 |     5 |    21 |    30 |    26 ||    85
         Brothers in Arms  |       |       |       |       |     6 |     2 ||     8
  Evoke: Wand              |       |       |       |       |       |     1 ||     1
    Use: Scroll            |     5 |     5 |     4 |    11 |     4 |    13 ||    42
         Potion            |       |     1 |       |     2 |     7 |    14 ||    24
   Stab: Sleeping          |     1 |     1 |       |       |       |       ||     2
         Invisible         |       |       |     1 |       |       |       ||     1
         Paralysed         |       |       |     1 |       |       |       ||     1
         Distracted        |       |       |       |       |     1 |    10 ||    11
 Armour: Animal skin       |    72 |     9 |       |       |       |       ||    81
         Ring mail         |       |    59 |       |       |       |       ||    59
         Chain mail        |       |    25 |   265 |   595 |  1031 |   559 ||  2475
  Dodge: Dodged            |    99 |   109 |   198 |   522 |   859 |   513 ||  2300
  Block: Buckler           |       |       |    43 |   281 |   618 |   728 ||  1670
         Reflection        |       |       |       |       |     2 |    62 ||    64

Table legend: (Time is in decaauts)
 A = Elapsed time spent in this place.
 B = Non-inter-level travel time spent in this place.
 C = Inter-level travel time spent in this place.
 D = Time resting spent in this place.
 E = Time spent auto-exploring this place.
 F = Levels seen in this place.
 G = Mean time per level.
                   A        B        C        D        E       F      G
               +--------+--------+--------+--------+--------+-----+--------+
         Total |  29517 |  28844 |    673 |   3913 |  17129 |  27 | 1093.2 |
       Dungeon |  13699 |  13229 |    470 |    544 |   8790 |  15 |  913.3 |
          Lair |   5208 |   5103 |    105 |      0 |   3352 |   5 | 1041.6 |
        Vaults |  10200 |  10103 |     97 |   3317 |   4986 |   5 | 2040.0 |
         Abyss |      8 |      8 |      0 |      0 |      0 |   1 |    8.0 |
      Gauntlet |    400 |    400 |      0 |     51 |      0 |   1 |  400.0 |
               +--------+--------+--------+--------+--------+-----+--------+

Top non-repeatable levels by time:
Vaults:3: 3504 daAuts
Vaults:1: 3028 daAuts
Vaults:2: 1905 daAuts
Vaults:4: 1757 daAuts
    D:13: 1365 daAuts
  Lair:4: 1333 daAuts
    D:15: 1208 daAuts
  Lair:2: 1168 daAuts
     D:8: 1033 daAuts
  Lair:5: 1007 daAuts
     D:1: 1004 daAuts
     D:6: 998 daAuts
    D:11: 975 daAuts
     D:2: 930 daAuts
  Lair:1: 891 daAuts
